 Dungeon Crawl Stone Soup version 0.18.1-2-ga659475 (webtiles) character file.

217 Implojin the Insei (level 5, 0/41 HPs)
             Began as a Mummy Monk on May 7, 2016.
             Slain by a hobgoblin
             ... wielding a +0 club
              (1 damage)
             ... on level 2 of the Dungeon.
             The game lasted 00:17:59 (6408 turns).

Implojin the Insei (Mummy Monk)                     Turns: 6408, Time: 00:18:00

Health: 0/41       AC:  1    Str: 14    XL:     5   Next: 61%
Magic:  5/5        EV: 13    Int: 10    God:
Gold:   92         SH:  0    Dex: 15    Spells: 0 memorised, 4 levels left

rFire  x . .     SeeInvis .       - Unarmed
rCold  + . .     Gourm    .     (no armour)
rNeg   + + +     Faith    .     (no shield)
rPois  ∞         Spirit   .     (no helmet)
rElec  .         Dismiss  .     (no cloak)
rCorr  .         Reflect  .     (no gloves)
SustAt .         Harm     .     d - +0 pair of boots
MR     .....                    (no amulet)
Stlth  ++........               (no ring)
                                (no ring)

@: not resistant to hostile enchantments, unstealthy
A: no food or potions, fire vulnerability, cold resistance 1, negative energy
resistance 3, torment resistance, unbreathing
a: no special abilities


You were on level 2 of the Dungeon.
You were not hungry.

You visited 1 branch of the dungeon, and saw 3 of its levels.

You collected 92 gold pieces.

Inventory:

Armour
 d - a +0 pair of boots (worn)
Jewellery
 g - an uncursed amulet of magic regeneration {unknown}
Wands
 f - a wand of confusion (12/48)
 h - a wand of heal wounds (0/9)
Scrolls
 b - 3 scrolls of identify {unknown}
Comestibles
 c - 2 bread rations (quivered)


   Skills:
 - Level 3.4 Fighting
 - Level 2.7 Dodging
 - Level 2.1 Stealth
 * Level 5.2 Unarmed Combat


You had 4 spell levels left.
You didn't know any spells.

Dungeon Overview and Level Annotations

Branches:
Dungeon (3/15)

Altars:
Trog

Annotations:
D:2 8 exclusions, Natasha, Sigmund, Terence
D:3 1 exclusion, Purgy, Robin


Innate Abilities, Weirdness & Mutations

You do not eat or drink.
Your flesh is vulnerable to fire.
You are immune to poison.
Your flesh is cold resistant.
You are immune to negative energy.
You are immune to unholy pain and torment.
You can survive without breathing.


Message History

A goblin comes into view. It is wielding a dagger.
There is a stone staircase leading up here.
Robin flexes a bicep menacingly.
The goblin closely misses you.
You climb upwards.
Level annotation: 8 exclusions, Natasha, Sigmund, Terence A hobgoblin comes into view.
It is wielding a club.
There is a stone staircase leading down here.
Unknown command.
You closely miss the goblin.
The hobgoblin shouts!
The hobgoblin hits you with a club.
* * * LOW HITPOINT WARNING * * *
The goblin barely misses you.
You miss the goblin. The hobgoblin closely misses you.
Unknown command.
You closely miss the goblin. The goblin barely misses you.
The hobgoblin hits you with a club!
* * * LOW HITPOINT WARNING * * *
Unknown command.
You closely miss the goblin. The goblin hits you with a club.
* * * LOW HITPOINT WARNING * * *
Unknown command.
Read which item? (? for menu, Esc to quit)
As you read the scroll labeled DAUMME DONKIE, it crumbles to dust.
It is a scroll of amnesia.
You feel forgetful for a moment. The hobgoblin barely misses you.
The goblin hits you with a club.
* * * LOW HITPOINT WARNING * * *
Read which item? (? for menu, Esc to quit)
As you read the scroll labeled KUISASUEC, it crumbles to dust.
It is a scroll of enchant weapon.
You aren't carrying any weapons that can be enchanted.
The hobgoblin barely misses you. The goblin hits you but does no damage.
Read which item? (? for menu, Esc to quit)
Okay, then.
You punch the goblin!
You kill the goblin!
The hobgoblin hits you with a club.
You die...

#...)# #.......
#.>..# #....... ####
##...# ########
...####.#########...#
...!............#####
.#†####... .....##
.#.# ....## .#.#
##### .#.# ##@## .#.#
#8g.)8# .#.# #.....#
.#.# #8.....8# .#.#
##.....## #.# #8...8#
##.# #.....# ...#
8.....8 ####


You could see a hobgoblin.

Vanquished Creatures
  An orc priest (D:3)
  An orc wizard (D:3)
  Ijyb (D:1)
  3 adders
  5 worms
  2 dart slugs (D:1)
  A giant gecko (D:2)
  6 orcs (D:3)
  14 bats
  5 giant cockroaches
  11 goblins
  8 hobgoblins
  4 jackals (D:1)
  8 kobolds
  2 quokkas
  A ball python (D:1)
  A giant newt (D:1)
  13 rats
87 creatures vanquished.

Notes
Turn   | Place    | Note
--------------------------------------------------------------
     0 | D:1      | Implojin the Mummy Monk began the quest for the Orb.
     0 | D:1      | Reached XP level 1. HP: 18/18 MP: 1/1
   467 | D:1      | Reached XP level 2. HP: 24/24 MP: 2/2
  1256 | D:1      | Reached XP level 3. HP: 24/29 MP: 3/3
  1673 | D:2      | Noticed Natasha
  1852 | D:2      | Reached skill level 2 in Stealth
  2582 | D:2      | Noticed Terence
  2819 | D:2      | Reached XP level 4. HP: 29/35 MP: 4/4
  2907 | D:2      | Reached skill level 4 in Unarmed Combat
  2962 | D:2      | Noticed Sigmund
  4134 | D:3      | Noticed Ijyb
  5040 | D:1      | Killed Ijyb
  5040 | D:1      | Reached XP level 5. HP: 20/41 MP: 5/5
  5826 | D:3      | Noticed Purgy
  5992 | D:3      | Noticed a moth of wrath
  5995 | D:3      | Found a bloodstained altar of Trog.
  6301 | D:3      | Reached skill level 5 in Unarmed Combat
  6385 | D:3      | Noticed Robin
  6406 | D:2      | HP: 1/41 [goblin/club[Robin] (2)]
  6408 | D:2      | Slain by a hobgoblin

Skill      XL: |  1  2  3  4  5 |
---------------+----------------+-----
Stealth        | 2 |  2.1
Unarmed Combat | 4 5 |  5.2
Fighting       | |  3.4
Dodging        | |  2.7

Action                   |  1- 3 |  4- 6 || total
-------------------------+-------+-------++-------
Melee: Unarmed           |   188 |   322 ||   510
       Punch             |     4 |     9 ||    13
  Use: Scroll            |       |     3 ||     3
 Stab: Distracted        |     1 |     1 ||     2
       Sleeping          |     7 |     1 ||     8
Armor: Skin              |    14 |    22 ||    36
Dodge: Dodged            |   114 |   181 ||   295

Table legend:
 A = Turns spent in this place as a percentage of turns spent in the entire game.
 B = Non-inter-level travel turns spent in this place as a percentage of non-inter-level travel turns spent in the entire game.
 C = Inter-level travel turns spent in this place as a percentage of turns spent in this place.
 D = Turns resting spent in this place as a percentage of non-inter-level travel turns spent in this place.
 E = Turns spent auto-exploring this place as a percentage of non-inter-level travel turns spent in this place.
 F = Non-inter-level travel turns spent in this place divided by the number of levels of this place that you've seen.
                   A       B       C       D       E      F
               +-------+-------+-------+-------+-------+----------------------
         Total | 100.0 | 100.0 |   0.3 |   2.7 |   2.8 | 872.0
       Dungeon | 100.0 | 100.0 |   0.3 |   2.7 |   2.8 | 872.0
               +-------+-------+-------+-------+-------+----------------------

Table legend:
 A = Kills in this place as a percentage of kills in entire the game.
 B = Kills by you in this place as a percentage of kills by you in the entire game.
 C = Kills by friends in this place as a percentage of kills by friends in the entire game.
 D = Other kills in this place as a percentage of other kills in the entire game.
 E = Experience gained in this place as a percentage of experience gained in the entire game.
 F = Experience gained in this place divided by the number of levels of this place that you have seen.
                   A       B       C       D       E      F
               +-------+-------+-------+-------+-------+----------------------
         Total | 100.0 | 100.0 |  -nan |  -nan | 100.0 | 103.3
       Dungeon | 100.0 | 100.0 |  -nan |  -nan | 100.0 | 103.3
               +-------+-------+-------+-------+-------+----------------------
